 Dungeon Crawl Stone Soup version 0.29-a0-221-gceb61267dd (webtiles) character file.

Game seed: 9230658136430078519

102 cyrus the Chopper (level 4, -8/24 HPs)
             Began as a Vine Stalker Fighter on Feb 26, 2022.
             Was a Follower of Makhleb.
             Mangled by a gnoll
             ... wielding a +0 halberd
              (12 damage)
             ... on level 4 of the Dungeon.
             The game lasted 00:04:50 (3066 turns).

cyrus the Chopper (Vine Stalker Fighter)            Turns: 3066, Time: 00:04:51

Health: -8/24      AC:  7    Str: 19    XL:     4   Next: 77%
Magic:  0/5        EV:  5    Int: 10    God:    Makhleb [*.....]
Gold:   193        SH:  0    Dex: 13    Spells: 3/3 levels left

rFire   . . .      SeeInvis .   a - +0 war axe
rCold   . . .      Faith    .   c - +0 buckler
rNeg    . . .      Spirit   +   b - +0 scale mail
rPois   .          Reflect  .   (no helmet)
rElec   .          Harm     .   (no cloak)
rCorr   .          Rampage  .   i - +0 pair of gloves
Will    .....                   (no boots)
Stlth   ..........              (no amulet)
HPRegen 0.88/turn               (no ring)
MPRegen 0.09/turn               (no ring)

@: mighty, held
A: fangs 2, regeneration 1, magic shield, antimagic bite, no potion heal 2
a: Renounce Religion


You were on level 4 of the Dungeon.
You worshipped Makhleb.
Makhleb was aware of your devotion.
You visited 1 branch of the dungeon, and saw 4 of its levels.

You collected 193 gold pieces.

Inventory:

Hand Weapons
 a - a +0 war axe (weapon)
Armour
 b - a +0 scale mail (worn)
 c - a +0 buckler (worn)
 i - a +0 pair of gloves (worn)
Scrolls
 e - a scroll of teleportation {unknown}
 f - a scroll of immolation {unknown}
 g - a scroll of enchant weapon {unknown}
 h - a scroll of fear {unknown}
 j - a scroll of brand weapon {unknown}
 k - 2 scrolls of identify {unknown}
 l - 2 scrolls of magic mapping {unknown}
 m - a scroll of fog {unknown}
Potions
 d - a potion of might
 n - a potion of flight {unknown}
 o - 2 potions of curing {unknown}


   Skills:
 + Level 3.0 Fighting
 + Level 3.4 Axes
 + Level 2.9 Armour
 + Level 3.1 Shields


You had 3 spell levels left.
You didn't know any spells.
Your spell library contained the following spells:

 Spells                   Type           Power      Damage    Failure   Level
 Summon Guardian Golem    Hex/Summ       0%         N/A       99%         3
 Orb of Destruction       Conj           0%         9d5       100%        7
 Spellforged Servitor     Conj/Summ      0%         N/A       100%        7


Dungeon Overview and Level Annotations

Branches:
Dungeon (4/15)
 Temple: D:4-7

Altars:
Makhleb
Vehumet


Innate Abilities, Weirdness & Mutations

You have extremely sharp teeth.
Your natural rate of healing is unusually fast.
When hurt, damage is shared between your health and your magic reserves.
Your bite disrupts and absorbs the magic of your enemies.
Potions cannot restore your health.


Message History

The gnoll shouts!
The gnoll throws a throwing net.
The throwing net barely misses you.
You hit the gnoll. Your bite misses the gnoll.
The gnoll is heavily wounded.
The gnoll barely misses you.
You hit the gnoll.
The gnoll is almost dead.
You block the gnoll's attack.
You hit the gnoll.
You kill the gnoll!
Makhleb accepts your kill.
You hit the gnoll. The gnoll hits you with a +0 flail.
A necrophage comes into view.
The gnoll barely misses you.
Unknown command.
You feel very mighty all of a sudden. The gnoll hits you but does no damage.
The gnoll hits you from afar with a +0 halberd.
You closely miss the gnoll. You hit the gnoll.
The gnoll hits you but does no damage. The gnoll hits you with a +0 flail.
The gnoll closely misses you. The gnoll hits you with a +0 whip.
You slash the gnoll! You bite the gnoll.
You kill the gnoll!
Makhleb accepts your kill.
You feel better.
You hear a splash.
You hit the gnoll. The gnoll hits you with a +0 flail!
The gnoll closely misses you.
The gnoll hits you from afar with a +0 halberd.
* * * LOW HITPOINT WARNING * * *
You block the gnoll's attack.
The gnoll throws a throwing net.
The throwing net hits you.
You become entangled in the net!
You see here a throwing net.
You tear a large gash into the net.
The gnoll barely misses you.
You struggle against the net.
The gnoll hits you with a +0 flail.
* * * LOW HITPOINT WARNING * * *
The gnoll hits you from afar with a +0 halberd!
Ouch! That really hurt!
You die...

....
......############+###
......................
......................
......................
....(....≈............
.......≈.≈............
.....≈.n≈........#
......).g@.#.....#
......#g...#..)..#
..... #....+.....#
.... #....#.....# ...
#..(.#.....# ..
#....#.....######### .
########............
#............
#............


You could see a necrophage and 2 gnolls.

Vanquished Creatures
  2 gnolls (D:4)
  3 adders
  2 worms (D:2)
  7 endoplasms
  2 giant cockroaches
  5 goblins
  A hobgoblin (D:1)
  3 jackals (D:1)
  6 kobolds
  2 quokkas
  8 ball pythons
  3 bats (D:1)
  3 frilled lizards
  3 rats
50 creatures vanquished.

Notes
Turn   | Place    | Note
-------+----------+-------------------------------------------
     0 | D:1      | cyrus the Vine Stalker Fighter began the quest for the Orb.
     0 | D:1      | Reached XP level 1. HP: 11/11 MP: 2/2
   128 | D:1      | Reached XP level 2. HP: 8/16 MP: 3/3
   934 | D:1      | Reached XP level 3. HP: 19/20 MP: 4/4
  1353 | D:1      | Found a faded altar of an unknown god.
  1362 | D:1      | Prayed at the altar of an unknown god.
  1362 | D:1      | Became a worshipper of Makhleb the Destroyer
  1362 | D:1      | Reached * piety under Makhleb
  2451 | D:2      | Gained mutation: Your natural rate of healing is unusually
                  | fast. [Vine Stalker growth]
  2451 | D:2      | Reached XP level 4. HP: 24/24 MP: 5/5
  2953 | D:4      | Found a radiant altar of Vehumet.
  3059 | D:4      | Noticed a necrophage
  3066 | D:4      | Mangled by a gnoll

Illustrated notes

Levels and vault maps discovered:
D:1:      co_arrival_random_square_maze, layout_basic,
          shapermc_ecumenical_altar_petra, minmay_circled_x
D:2:      layout_loops_corners
D:3:      layout_basic
D:4:      layout_gridville, amcnicky_altar_gilded, trog_butcher_becter,
          chequers_serial_rivers_micro_c

Skill      XL: |  1  2  3  4 |
---------------+-------------+-----
Axes           | 2 3 |  3.4
Shields        | 3 |  3.1
Fighting       | 3 |  3.0
Armour         | |  2.9

Action                   |  1- 3 |  4- 6 || total
-------------------------+-------+-------++-------
Melee: War axe           |    90 |    17 ||   107
       Bite              |    17 |     3 ||    20
  Use: Potion            |       |     1 ||     1
Armor: Scale mail        |    66 |     4 ||    70
Dodge: Dodged            |    65 |     8 ||    73
Block: Buckler           |    26 |     4 ||    30

Table legend: (Time is in decaauts)
 A = Elapsed time spent in this place.
 B = Non-inter-level travel time spent in this place.
 C = Inter-level travel time spent in this place.
 D = Time resting spent in this place.
 E = Time spent auto-exploring this place.
 F = Levels seen in this place.
 G = Mean time per level.
                   A        B        C        D        E       F      G
               +--------+--------+--------+--------+--------+-----+--------+
         Total |   3110 |   3007 |    103 |    782 |   1680 |   4 |  777.5 |
       Dungeon |   3110 |   3007 |    103 |    782 |   1680 |   4 |  777.5 |
               +--------+--------+--------+--------+--------+-----+--------+

Top non-repeatable levels by time:
     D:1: 1420 daAuts
     D:2: 1302 daAuts
     D:3: 271 daAuts
     D:4: 115 daAuts
